 Dungeon Crawl Stone Soup version 0.19-a0-1714-gcab94ab (webtiles) character file.

326 Grenyer the Poker (level 6, 0/70 HPs)
             Began as a Demonspawn Abyssal Knight on Sept 28, 2016.
             Was a Believer of Lugonu.
             Slain by a phantom (1 damage)
             ... on level 4 of the Dungeon.
             The game lasted 00:21:56 (3414 turns).

Grenyer the Poker (Demonspawn Abyssal Knight)       Turns: 3414, Time: 00:21:57

Health: 0/70       AC: 24    Str: 16    XL:     6   Next: 24%
Magic:  8/8        EV:  2    Int: 15    God:    Lugonu [**....]
Gold:   147        SH:  0    Dex: 13    Spells: 0 memorised, 5 levels left

rFire  . . .     SeeInvis .     a - +1 spear
rCold  . . .     Gourm    .     (armour currently unavailable)
rNeg   + + +     Faith    .     (no shield)
rPois  +         Spirit   .     (helmet currently unavailable)
rElec  .         Dismiss  .     (cloak currently unavailable)
rCorr  .         Reflect  .     (gloves currently unavailable)
MR     .....     Harm     .     (boots currently unavailable)
Stlth  +......... NoTele   +    (no amulet)
                                x - +2 ring of strength
                                v - +2 ring of intelligence

@: tree-form, drained
A: (antennae 0), (fire resistance 0), flame cloud immunity, (sturdy frame 0)
a: Depart the Abyss, Bend Space, Renounce Religion


You were on level 4 of the Dungeon.
You worshipped Lugonu.
Lugonu was pleased with you.
You were not hungry.
You were a tree.
You visited 1 branch of the dungeon, and saw 5 of its levels.
You visited the Abyss 1 time.

You collected 147 gold pieces.

Inventory:

Hand Weapons
 a - a +1 spear (weapon)
Armour
 b - a +1 leather armour (melded)
 t - a cursed +0 pair of gloves (melded)
 w - a +0 cloak (melded)
Jewellery
 v - a +2 ring of intelligence (left branch)
 x - a +2 ring of strength (right branch)
Wands
 y - a wand of paralysis (7/24)
Scrolls
 d - a scroll of identify
 g - a scroll of enchant armour
 l - 4 scrolls of fear
 q - a scroll of remove curse
Potions
 k - a potion of lignification
 n - a potion of invisibility {unknown}
 p - a potion of curing {unknown}
 r - 2 potions of flight {unknown}
 s - a potion of cure mutation {unknown}
Comestibles
 c - 6 bread rations
 f - a slice of pizza
 h - 5 meat rations
 m - 5 fruits


   Skills:
 - Level 3.0(2.8) Fighting
 * Level 5.5(5.3) Polearms
 - Level 1.9(1.7) Armour
 - Level 1.8(1.6) Dodging
 - Level 3.3(3.1) Invocations


You had 5 spell levels left.
You didn't know any spells.

Dungeon Overview and Level Annotations

Branches:
Dungeon (5/15)
 Temple: D:4-7

Altars:
Elyvilon
Gozag
Nemelex Xobeh
Okawaru
Trog


Innate Abilities, Weirdness & Mutations

((You have a pair of small antennae on your head.))
((Your flesh is heat resistant. (rF+)))
You are immune to clouds of flame.
((Your movements are slightly less encumbered by armour. (ER -2)))


Message History

You hit the phantom but do no damage.
The phantom is severely damaged.
You barely miss the phantom.
The phantom is severely damaged.
The phantom closely misses you.
Your magical contamination has completely faded away.
You closely miss the phantom.
The phantom is severely damaged.
The phantom hits you.
* * * LOW HITPOINT WARNING * * *
The phantom blinks!
It was a potion of lignification.
You turn into a tree.
Your +0 cloak melds into your body.
Your cursed +0 pair of gloves melds into your body.
Your +1 leather armour melds into your body.
Your roots penetrate the ground.
You barely miss the phantom.
The phantom is severely damaged.
The phantom hits you.
You die...

*,,,*>,,,,,,,,,,,,,,,,*,,
*,*,<,***,**,*,,***,*,***
*,,,*** *,**,*,,,,,,,,*
**,** *,,>,,,,***,*,* *,*
*###,*****,,,,* *,**
###..,,,,,*,,*,,* *,,*
#...#****,*,***,*** *#.#
#.W.# *,*,,*,,,,,
####.###.♣.# *,**,,,,,,,
#.........§# *,**,,,,,,,
#.##.##....#****,**,*,**,*
#.##.##.##......,*,,*,**,*
#.#..##.########*,,,,,**,*
######.#.##.(.....#
**,,****,*
#.........<..####.#
*,,****,*
#.######.##.##,,,,*
*,,,,,,,* *,* #.##.#*,**,*
*,******,


You could see a phantom.

Vanquished Creatures
  An orc priest (D:3)
  A hound (D:4)
  2 orc wizards
  A worker ant (D:5)
  7 adders
  3 gnolls (D:2)
  2 oozes
  2 worms (D:3)
  2 dart slugs
  A leopard gecko (D:2)
  3 orcs (D:3)
  6 giant cockroaches
  8 goblins
  12 hobgoblins
  2 ball pythons (D:3)
  8 bats
  7 frilled lizards
  6 kobolds
  5 rats
79 creatures vanquished.

Notes
Turn   | Place    | Note
-------+----------+-------------------------------------------
     0 | Abyss:1  | Grenyer the Demonspawn Abyssal Knight began the quest for the Orb.
     0 | Abyss:1  | Reached XP level 1. HP: 18/18 MP: 2/2
    36 | Abyss:1  | Noticed a neqoxec
    40 | Abyss:1  | Noticed a rust devil
    45 | Abyss:1  | Noticed an ancient zyme
    46 | Abyss:1  | Noticed a starcursed mass
    47 | D:1      | Escaped the Abyss
   134 | D:1      | Reached skill level 1 in Dodging
   368 | D:1      | Gained mutation: Your movements are slightly less encumbered by armour. (ER -2) [demonic ancestry]
   368 | D:1      | Reached XP level 2. HP: 24/24 MP: 4/4
   471 | D:1      | Reached skill level 2 in Polearms
   876 | D:2      | Reached XP level 3. HP: 28/29 MP: 5/5
   897 | D:2      | Found a sparkling altar of Nemelex Xobeh.
   996 | D:2      | Reached * piety under Lugonu
  1146 | D:2      | Reached skill level 3 in Polearms
  1457 | D:2      | Gained mutation: Your flesh is heat resistant. (rF+) [demonic ancestry]
  1457 | D:2      | Reached XP level 4. HP: 33/35 MP: 6/6
  1718 | D:2      | Found a white marble altar of Elyvilon.
  2300 | D:3      | Found an iron altar of Okawaru.
  2376 | D:3      | Reached skill level 4 in Polearms
  2376 | D:3      | Gained mutation: You are immune to clouds of flame. [demonic ancestry]
  2376 | D:3      | Reached XP level 5. HP: 41/41 MP: 7/7
  2786 | D:3      | Found an opulent altar of Gozag.
  2941 | D:3      | Reached ** piety under Lugonu
  2963 | D:3      | Found a bloodstained altar of Trog.
  3195 | D:3      | Reached skill level 5 in Polearms
  3290 | D:4      | Noticed a hippogriff
  3301 | D:5      | Entered Level 5 of the Dungeon
  3331 | D:5      | Gained mutation: You have a pair of small antennae on your head. [demonic ancestry]
  3331 | D:5      | Reached XP level 6. HP: 38/47 MP: 8/8
  3412 | D:4      | HP: 1/47 [phantom (5)]
  3414 | D:4      | Slain by a phantom

Vault maps used:
D:1:      scummos_arrival_forest
D:2:      overflow_temple_1_default, nemelex_xobeh_ov_fountains_minmay,
          first_bread
D:3:      wad_crossroads, nicolae_gozag_seed_capital, overflow_temple_1_default,
          marbit_many_paths
D:4:      old_standard_altar, uniq_eustachio
Abyss:1:  evilmike_abyss_exit_glass

Skill      XL: |  1  2  3  4  5 |
---------------+----------------+-----
Dodging        | 1 |  1.8
Polearms       | 2 3 4 5 |  5.5
Invocations    | 3 |  3.3
Fighting       | |  3.0
Armour         | |  1.9

Action                   |  1- 3 |  4- 6 || total
-------------------------+-------+-------++-------
Melee: Spear             |   153 |   296 ||   449
Invok: Depart the Abyss  |     1 |       ||     1
  Use: Scroll            |     2 |     6 ||     8
       Potion            |       |     3 ||     3
 Stab: Sleeping          |       |     3 ||     3
       Distracted        |       |     1 ||     1
  Eat: Chunk             |     2 |     7 ||     9
Armor: Leather armour    |    27 |    66 ||    93
Dodge: Dodged            |    86 |   112 ||   198
